 Dungeon Sprint DCSS version 0.29.1-4-g47bece8355 (webtiles) character file.

Game seed: 17296100446714926972

15971 boopmooplesden the Executioner (level 12, -6/134 HPs)
             Began as a Minotaur Berserker on Dec 6, 2022.
             Was the Champion of Trog.
             Mangled by Rupert
             ... wielding a +3 triple sword of electrocution
              (36 damage)
             ... in the Dungeon (Sprint III: "The Ten Rune Challenge").
             The game lasted 00:07:14 (3717 turns).

boopmooplesden the Executioner (Minotaur Berserker) Turns: 3717, Time: 00:07:14

Health: -6/134     AC: 21    Str: 36    XL:     12   Next: 5%
Magic:  11/11      EV: 12    Int:  4    God:    Trog [******]
Gold:   3599       SH:  0    Dex:  9    Spells: 11/11 levels left

rFire   . . .      SeeInvis +   D - +8 executioner's axe "Kauh" {flame, *Slow Fly Str+6 SInv}
rCold   . . .      Faith    .   (shield currently unavailable)
rNeg    . . .      Spirit   .   y - +2 chain mail "Mit Jeodgh" {Str+2}
rPois   .          Reflect  .   F - +2 hat
rElec   .          Harm     .   z - +0 cloak
rCorr   .          Rampage  .   x - +0 pair of gloves
Will    .....      NoTele   +   (no boots)
Stlth   ..........              (no amulet)
HPRegen 0.32/turn               (no ring)
MPRegen 0.12/turn               (no ring)

@: flying
A: horns 2, retaliatory headbutt
a: Renounce Religion, Berserk, Trog's Hand, Brothers in Arms


You were in the Dungeon.
You worshipped Trog.
Trog was exalted by your worship.
You visited 1 branch You collected 4060 gold pieces.
You spent 461 gold pieces at shops.

Inventory:

Hand Weapons
 a - a +0 hand axe
 i - a +0 war axe
 t - a +4 antimagic broad axe
 u - a +1 bardiche
 w - a +0 flail
 B - a +3 battleaxe
 C - a +6 battleaxe
 D - the +8 executioner's axe "Kauh" (weapon) {flame, *Slow Fly Str+6 SInv}
   (Trog gifted it to you in the Dungeon)

   It burns those it strikes, dealing additional fire damage.
   Big, fiery blades are also staple armaments of hydra-hunters.
   Str:       It affects your strength (+6).
   SInv:      It lets you see invisible.
   Fly:       It grants you flight.
   *Slow:     It may slow you when you take damage.
Missiles
 E - 6 javelins (quivered)
Armour
 b - a +0 animal skin
 j - a +0 chain mail
 v - a +0 plate armour
 x - a +0 pair of gloves (worn)
 y - the +2 chain mail "Mit Jeodgh" (worn) {Str+2}
   (You bought it in a shop in the Dungeon)

   Str:       It affects your strength (+2).
 z - a +0 cloak (worn)
 F - a +2 hat (worn)
Wands
 k - a wand of flame (37)
 A - a wand of iceblast (12)
Scrolls
 h - 2 scrolls of blinking
 l - a scroll of poison {unknown}
 n - a scroll of immolation {unknown}
Potions
 c - 3 potions of curing
 d - 3 potions of heal wounds
 e - a potion of haste
 f - 2 potions of magic
 g - 2 potions of berserk rage
 m - a potion of flight
 o - a potion of lignification {unknown}
 p - a potion of attraction
 q - 6 potions of mutation
 r - a potion of might
Miscellaneous
 s - a phial of floods


   Skills:
 + Level 20.8 Fighting
 + Level 22.9 Axes
 + Level 15.8 Armour
 + Level 10.0 Dodging
 + Level 2.9 Stealth
 + Level 3.1 Evocations


You had 11 spell levels left.
You didn't know any spells.
Your spell library was empty.

Dungeon Overview and Level Annotations

Branches:
Dungeon (1/1)

Altars:
Cheibriados
Dithmenos
Elyvilon
Fedhas
Gozag
Hepliaklqana
Kikubaaqudgha
Makhleb
Nemelex Xobeh
Okawaru
Qazlal
Ru
Sif Muna
Trog
Uskayaw
Vehumet
Wu Jian
Xom
Yredelemnul
Zin
The Shining One
Jiyva
Lugonu

Shops:
D [

Annotations:
D Rupert


Innate Abilities, Weirdness & Mutations

You have a pair of horns on your head.
You reflexively headbutt those who attack you in melee.


Message History

You see here a book of Air.
You reach down and open the door.
The azure jelly quivers. x2
The azure jelly quivers.
There is an open door here.
Rupert the Wild comes into view.
He is wielding a +3 triple sword of electrocution.
Rupert shouts!
Rupert yells loudly at you.
You suddenly lose the ability to move!
Rupert hits you with a +3 triple sword of electrocution!
You are electrocuted!
Rupert yells loudly at you.
You are confused.
You can move again.
You are too confused!
You bump into the rock wall.
Rupert closely misses you.
You bump into the rock wall.
Rupert hits you but does no damage.
You are electrocuted!
You bump into the rock wall.
Rupert roars madly and goes into a rage!
Rupert goes berserk!
You barely miss Rupert. Rupert hits you but does no damage.
You're too confused to move!
You feel less confused.
Rupert hits you with a +3 triple sword of electrocution!
Rupert hits you with a +3 triple sword of electrocution!!
You slice Rupert!! You burn Rupert.
Rupert is lightly wounded.
Rupert hits you with a +3 triple sword of electrocution!
You are electrocuted!!
* * * LOW HITPOINT WARNING * * *
You closely miss Rupert. Your headbutt misses Rupert.
Rupert is lightly wounded.
Rupert hits you with a +3 triple sword of electrocution!
* * * LOW HITPOINT WARNING * * *
You slice Rupert like a ripe choko!!! You burn Rupert!
Your headbutt misses Rupert.
Rupert is heavily wounded.
Rupert hits you with a +3 triple sword of electrocution!!!
You die...

#..# #.. ####....#___#
▓▓▓▓▓▓▓▓▓▓▓▓▓▓▓▓▓▓▓▓▓▓
▓..†'†≈~≈.≈~~≈♣♣.....♣
▓.).#†~≈≈§≈§≈~♣♣.≈≈≈≈'
▓...#≈~≈§.~~††)'.....#
▓...#~≈§§§≈≈~.♣♣♣♣♣♣♣#
▓..:#~≈~§≈≈~≈~♣ #
▓##'####+###### ♣♣
▓....@@........ ♣.
▓#+############ ♣♣
.JJ# ♣ ▓...+ ♣ ▓...# ♣
▓...# ♣ #+### #


You could see Rupert (berserk) and an azure jelly.

Vanquished Creatures
  Gastronok (D)
  2 dire elephants (D)
  Erolcha (D)
  2 hydras (D)
  An orc high priest (D)
  Urug (D)
  A death drake (D)
  A spriggan druid (D)
  A lindwurm (D)
  An orc knight (D)
  A deep elf pyromancer (D)
  2 elephants (D)
  A komodo dragon (D)
  2 cane toads (D)
  A rime drake (D)
  3 wandering mushrooms (D)
  A queen bee (D)
  2 tyrant leeches (D)
  5 blink frogs (D)
  A shadow (D)
  2 spriggans (D)
  5 redbacks (D)
  A spatial vortex (D)
  An orc warrior (D)
  A swamp drake (D)
  5 two-headed ogres (D)
  A necrophage (D)
  A water elemental (D)
  32 killer bees (D)
  An electric eel (D)
  A jelly (D)
  An orc priest (D)
  Jessica (D)
  A wizard (D)
  A necromancer (D)
  2 orc wizards (D)
  A kobold demonologist (D)
  3 humans (D)
  A wolf (D)
  12 orcs (D)
  3 rats (D)
  A plant (D)
109 creatures vanquished.

Vanquished Creatures (others)
  3 plants (D)
3 creatures vanquished.

Grand Total: 112 creatures vanquished

Notes
Turn   | Place    | Note
-------+----------+-------------------------------------------
     0 | D        | boopmooplesden the Minotaur Berserker began the quest for
                  | the Orb.
     0 | D        | Reached XP level 1. HP: 19/19 MP: 0/0
    15 | D        | Reached skill level 4 in Axes
    36 | D        | Reached ** piety under Trog
    39 | D        | Noticed Jessica
    43 | D        | Killed Jessica
    44 | D        | Reached skill level 5 in Fighting
    44 | D        | Reached skill level 5 in Axes
    44 | D        | Reached XP level 2. HP: 11/30 MP: 1/1
   235 | D        | Reached skill level 6 in Axes
   235 | D        | Reached XP level 3. HP: 37/37 MP: 2/2
   278 | D        | Noticed a water elemental
   281 | D        | Killed a water elemental
   281 | D        | Reached *** piety under Trog
   282 | D        | Reached skill level 7 in Axes
   282 | D        | Reached XP level 4. HP: 48/48 MP: 3/3
   322 | D        | Found a basalt altar of Yredelemnul.
   322 | D        | Found a shadowy altar of Dithmenos.
   322 | D        | Found a sacrificial altar of Ru.
   322 | D        | Noticed a necrophage
   328 | D        | Reached skill level 8 in Axes
   328 | D        | Reached XP level 5. HP: 52/53 MP: 4/4
   330 | D        | Reached skill level 9 in Axes
   330 | D        | Reached skill level 5 in Armour
   344 | D        | Found a radiant altar of Vehumet.
   345 | D        | Found a shimmering blue altar of Sif Muna.
   345 | D        | Found an ancient bone altar of Kikubaaqudgha.
   346 | D        | Noticed a soul eater
   348 | D        | Reached **** piety under Trog
   349 | D        | Reached skill level 5 in Dodging
   356 | D        | Found a hide-covered altar of Uskayaw.
   356 | D        | Found an iron altar of Okawaru.
   356 | D        | Found a bloodstained altar of Trog.
   356 | D        | Found an ornate altar of the Wu Jian Council.
   356 | D        | Noticed a human
   356 | D        | Noticed a human
   362 | D        | Killed a human
   363 | D        | Reached skill level 10 in Fighting
   363 | D        | Reached skill level 11 in Axes
   363 | D        | Reached XP level 6. HP: 67/67 MP: 5/5
   366 | D        | Killed a human
   367 | D        | Reached skill level 12 in Axes
   367 | D        | Reached XP level 7. HP: 74/74 MP: 6/6
   412 | D        | Found a glowing silver altar of Zin.
   412 | D        | Found a glowing golden altar of the Shining One.
   412 | D        | Found a white marble altar of Elyvilon.
   412 | D        | Noticed a deep elf pyromancer
   415 | D        | Noticed a fire elemental
   417 | D        | Killed a deep elf pyromancer
   417 | D        | Reached ***** piety under Trog
   418 | D        | Reached skill level 13 in Axes
   418 | D        | Reached skill level 1 in Stealth
   541 | D        | Noticed a shadow
   546 | D        | Killed a shadow
   547 | D        | Reached skill level 14 in Axes
   547 | D        | Reached XP level 8. HP: 86/86 MP: 7/7
   612 | D        | Found a blossoming altar of Fedhas.
   612 | D        | Found a stormy altar of Qazlal.
   612 | D        | Found a snail-covered altar of Cheibriados.
   612 | D        | Found a burning altar of Makhleb.
   612 | D        | Found a shimmering altar of Xom.
   613 | D        | Found a hazy altar of Hepliaklqana.
   613 | D        | Found an opulent altar of Gozag.
   613 | D        | Found a sparkling altar of Nemelex Xobeh.
   613 | D        | Found a corrupted altar of Lugonu.
   613 | D        | Found a viscous altar of Jiyva.
   737 | D        | Received a gift from Trog
   738 | D        | Reached skill level 15 in Axes
   786 | D        | Noticed a two-headed ogre
   794 | D        | Killed a two-headed ogre
  1008 | D        | Noticed Erolcha
  1008 | D        | Noticed a two-headed ogre
  1015 | D        | Killed Erolcha
  1015 | D        | Killed a two-headed ogre
  1016 | D        | Reached skill level 15 in Fighting
  1016 | D        | Reached skill level 16 in Axes
  1016 | D        | Reached XP level 9. HP: 97/97 MP: 2/8
  1024 | D        | Reached skill level 17 in Axes
  1024 | D        | Reached skill level 10 in Armour
  1025 | D        | Reached ****** piety under Trog
  1365 | D        | Found Hiun's Antique Armour Shoppe.
  1366 | D        | Noticed an orc high priest
  1368 | D        | Noticed an orc knight
  1372 | D        | Received a gift from Trog
  1378 | D        | Killed an orc high priest
  1386 | D        | Killed an orc knight
  1386 | D        | Received a gift from Trog
  1387 | D        | Reached skill level 18 in Axes
  1387 | D        | Reached XP level 10. HP: 98/107 MP: 3/9
  1550 | D        | Bought a pair of gloves for 112 gold pieces
  1550 | D        | Bought a smelly chain mail for 237 gold pieces
  1550 | D        | Identified the +2 chain mail "Mit Jeodgh" {Str+2} (You
                  | bought it in a shop in the Dungeon)
  1550 | D        | Bought a cloak for 112 gold pieces
  1703 | D        | Received a gift from Trog
  1704 | D        | Reached skill level 1 in Evocations
  1748 | D        | Received a gift from Trog
  1780 | D        | Received a gift from Trog
  1781 | D        | Reached skill level 19 in Axes
  1811 | D        | Received a gift from Trog
  2112 | D        | Noticed a cane toad
  2112 | D        | Noticed a cane toad
  2115 | D        | Killed a cane toad
  2115 | D        | Received a gift from Trog
  2118 | D        | Killed a cane toad
  2626 | D        | Reached skill level 20 in Axes
  2796 | D        | Noticed a lindwurm
  2800 | D        | Killed a lindwurm
  2801 | D        | Reached XP level 11. HP: 105/119 MP: 10/10
  2811 | D        | Identified the +8 executioner's axe "Kauh" {flame, *Slow
                  | Fly Str+6 SInv} (Trog gifted it to you in the Dungeon)
  2811 | D        | Received a gift from Trog
  2813 | D        | Noticed Urug
  2818 | D        | Killed Urug
  2957 | D        | Noticed a six-headed hydra
  2957 | D        | Noticed an eight-headed hydra
  2964 | D        | Killed a seven-headed hydra
  2967 | D        | Killed a three-headed hydra
  3066 | D        | Found a blossoming altar of Fedhas.
  3066 | D        | Noticed a spriggan druid
  3066 | D        | Noticed a death drake
  3074 | D        | Killed a death drake
  3074 | D        | Killed a spriggan druid
  3075 | D        | Reached skill level 21 in Axes
  3077 | D        | Received a gift from Trog
  3078 | D        | Reached skill level 15 in Armour
  3422 | D        | Received a gift from Trog
  3544 | D        | Noticed a dire elephant
  3545 | D        | Noticed a dire elephant
  3545 | D        | Noticed Gastronok
  3547 | D        | Reached skill level 22 in Axes
  3550 | D        | Killed a dire elephant
  3554 | D        | Killed a dire elephant
  3555 | D        | Reached skill level 10 in Dodging
  3558 | D        | Killed Gastronok
  3558 | D        | Received a gift from Trog
  3559 | D        | Reached XP level 12. HP: 134/134 MP: 11/11
  3698 | D        | Noticed an azure jelly
  3698 | D        | Noticed an azure jelly
  3698 | D        | Noticed an azure jelly
  3699 | D        | Noticed an azure jelly
  3701 | D        | Noticed Rupert
  3703 | D        | Paralysed by Rupert for 5 turns
  3717 | D        | Mangled by Rupert

Illustrated notes

Levels and vault maps discovered:
D:        dungeon_sprint_mu [sprint_mu_entry_cave, sprint_mu_temple_rooms,
          sprint_mu_d1_spiders, sprint_mu_d2_genie, sprint_mu_d3_branching,
          sprint_mu_orc_legion, sprint_mu_elf_gauntlet, sprint_mu_hive_nellie,
          sprint_mu_lair_fedhas, sprint_mu_vaults_butterflies,
          sprint_mu_slime_circle, sprint_mu_swamp_cave, sprint_mu_snake_twists,
          sprint_mu_blade_basic, sprint_mu_crypt_fortress,
          sprint_mu_tomb_spiral, sprint_mu_vestibule_basic,
          sprint_mu_gehenna_hellfire, sprint_mu_dis_giant,
          sprint_mu_tartarus_statrot, sprint_mu_cocytus_islands, sprint_mu_zot1]

Skill      XL: |  1  2  3  4  5  6  7  8  9 10 11 |
---------------+----------------------------------+-----
Fighting       | 5 6 7 8 10 11 13 15 16 18 20 | 20.8
Axes           | 5 6 7 8 11 12 14 16 18 20 22 | 22.9
Armour         | 3 4 6 7 9 11 13 15 | 15.8
Dodging        | 3 4 5 6 7 8 9 10 | 10.0
Stealth        | 1 2 |  2.9
Evocations     | 2 3 |  3.1

Action                   |  1- 3 |  4- 6 |  7- 9 | 10-12 || total
-------------------------+-------+-------+-------+-------++-------
Melee: Hand axe          |     5 |       |       |       ||     5
       War axe           |    10 |    19 |    16 |       ||    45
       Headbutt          |       |     2 |    10 |    25 ||    37
       Broad axe         |       |       |    28 |   100 ||   128
       Battleaxe         |       |       |       |    24 ||    24
       Executioner's axe |       |       |       |    50 ||    50
Invok: Berserk           |     2 |     1 |     5 |     5 ||    13
       Trog's Hand       |       |       |       |     1 ||     1
Evoke: Phial of floods   |       |       |     1 |     1 ||     2
  Use: Scroll            |       |       |       |     2 ||     2
Armor: Animal skin       |     5 |       |       |       ||     5
       Chain mail        |       |     7 |     3 |    96 ||   106
Dodge: Dodged            |     5 |     7 |    14 |    95 ||   121
